 Dungeon Crawl Stone Soup version 0.29.1-2-gbd0b4ee654 (webtiles) character file.

Game seed: 4194488947244636221

301 RIPer the Conjurer (level 6, -5/32 HPs)
             Began as a Deep Elf Conjurer on Nov 16, 2022.
             Killed from afar by Ijyb (18 damage)
             ... with a bolt of light
             ... on level 3 of the Dungeon.
             The game lasted 00:13:17 (3915 turns).

RIPer the Conjurer (Deep Elf Conjurer)              Turns: 3915, Time: 00:13:18

Health: -5/32      AC:  9    Str:  8    XL:     6   Next: 14%
Magic:  15/16      EV: 16    Int: 25    God:
Gold:   260        SH:  0    Dex: 13    Spells: 15/16 levels left

rFire   + . .      SeeInvis .   (no weapon)
rCold   . . .      Faith    .   (no shield)
rNeg    . . .      Spirit   .   p - +0 leather armour {rF+}
rPois   .          Reflect  .   m - +0 helmet
rElec   .          Harm     .   r - +0 cloak of Dice, Bag, and Bottle {*Slow +Blink Str+4}
rCorr   .          Rampage  .   (no gloves)
Will    .....                   (no boots)
Stlth   +.........              (no amulet)
HPRegen 0.10/turn               e - +4 ring of evasion
MPRegen 0.15/turn               n - +4 ring of protection

@: confused
A: no striking features
a: Evoke Blink


You were on level 3 of the Dungeon.
You visited 1 branch of the dungeon, and saw 4 of its levels.

You collected 260 gold pieces.

Inventory:

Missiles
 g - 23 stones
Armour
 a - a +0 robe
 m - a +0 helmet (worn)
 o - a +1 hat
 p - a +0 leather armour of fire resistance (worn)
 r - the +0 cloak of Dice, Bag, and Bottle (worn) {*Slow +Blink Str+4}
   (You found it on level 4 of the Dungeon)

   Str:       It affects your strength (+4).
   +Blink:    It lets you blink.
   *Slow:     It may slow you when you take damage.
Jewellery
 e - a +4 ring of evasion (left hand)
 h - an amulet of faith
 n - a +4 ring of protection (right hand)
Wands
 q - a wand of mindburst (17)
Scrolls
 c - a scroll of immolation
 f - a scroll of enchant weapon
 i - 3 scrolls of identify
 l - a scroll of teleportation {unknown}
 s - a scroll of vulnerability {unknown}
Potions
 b - a potion of magic
 d - a potion of brilliance {unknown}
 j - a potion of resistance {unknown}
 k - a potion of mutation {unknown}


   Skills:
 - Level 2.7 Dodging
 - Level 2.7 Stealth
 + Level 5.8 Spellcasting
 + Level 6.1 Conjurations
 + Level 2.6 Earth Magic


You had 15 spell levels left.
You knew the following spells:

 Your Spells              Type           Power      Damage    Failure   Level
a - Magic Dart            Conj           100%       1d8       1%          1

Your spell library contained the following spells:

 Spells                   Type           Power      Damage    Failure   Level
 Searing Ray              Conj           76%        2d7       1%          2
 Dazzling Flash           Conj/Hex       44%        N/A       10%         3
 Fulminant Prism          Conj/Hex       11%        3d9       30%         4
 Iskenderun's Mystic Bla  Conj/Tloc      22%        2d6       30%         4
 Ozocubu's Armour         Ice            7%         N/A       32%         3
 Ozocubu's Refrigeration  Ice            3%         4d8       100%        7


Dungeon Overview and Level Annotations

Branches:
Dungeon (4/15)
 Temple: D:4-7

Altars:
Elyvilon
Nemelex Xobeh
Okawaru
Wu Jian
Zin
The Shining One

Shops:
D:3 (   D:4 (

Annotations:
D:3 3 runed translucent doors, Ijyb; caveywoolpert's ghost, amateur BaHu


Message History

Search for what [? for help]? runed You start resting.
Magic restored.
You start resting.
HP restored.
You climb downwards.
Level annotation: Ijyb The orc wizard gestures wildly while chanting.
The orc wizard flickers and vanishes!
Deactivating autopickup; reactivate with Ctrl-A.
There is a stone staircase leading up here.
The magic dart hits Ijyb but does no damage.
Ijyb misses you.
The magic dart hits Ijyb but does no damage.
Ijyb zaps a wand.
The bolt of light hits you!
You are confused.
You're too confused to cast spells.
You're too confused to cast spells.
You're too confused to cast spells.
You're too confused to cast spells.
You're too confused to cast spells.
You're too confused to cast spells.
You're too confused to cast spells.
You're too confused to cast spells.
Ijyb zaps a wand.
The bolt of light misses you. The orc hits you but does no damage.
You climb upwards.
Level annotation: 3 runed translucent doors, caveywoolpert's ghost, amateur BaHu Reactivating autopickup.
There is a stone staircase leading down here.
The orc attacks as you move away! The orc closely misses you.
Ijyb attacks as you move away! Ijyb misses you.
You feel less confused.
Ijyb zaps a wand.
The bolt of light hits you!
You are confused.
You feel less confused.
Ijyb zaps a wand.
The bolt of light hits you!!
You are confused.
Ouch! That really hurt!
You die...

##.#.##########.KW##....##.
#####.## ##.#.#K#.)..##.
#.....# #=..#KK+...###.
#)##### #?...KK+...# ## #.#
#...#.K+.#.# #.#
########.#.#K#.#.# #.#
#.....###.⌠.##...####
#.#######.....#######........
#.........o.@.....#.......(..
###.####......####.....#.....
#.####.g....# ###.###.####
#....#.###### #.###.# #.
#.##.#.# #.....# #. #.##.#.#
#.##### #. #......#########
#.# #. ####.###.......#
#.#### #. #.#
#.#####.###.##.## #.


You could see Ijyb and an orc.

Vanquished Creatures
  A quasit (D:4)
  A gnoll bouda (D:4)
  An orc wizard (D:4)
  Robin (D:4)
  3 adders (D:3)
  5 gnolls (D:4)
  2 shadow imps (D:4)
  A white imp (D:4)
  3 ufetubi (D:4)
  11 orcs
  A bat (D:1)
  5 endoplasms
  2 giant cockroaches (D:1)
  5 hobgoblins
  3 jackals (D:2)
  11 kobolds
  3 quokkas
  5 ball pythons
  3 frilled lizards
  14 goblins
  6 rats
87 creatures vanquished.

Notes
Turn   | Place    | Note
-------+----------+-------------------------------------------
     0 | D:1      | RIPer the Deep Elf Conjurer began the quest for the Orb.
     0 | D:1      | Reached XP level 1. HP: 10/10 MP: 6/6
   239 | D:1      | Reached XP level 2. HP: 15/15 MP: 5/8
   806 | D:2      | Reached XP level 3. HP: 19/19 MP: 8/10
  1189 | D:3      | Found a runed translucent gate.
  1189 | D:3      | Found a runed translucent gate.
  1189 | D:3      | Found a runed translucent gate.
  1190 | D:3      | Noticed caveywoolpert's ghost (amateur BaHu)
  1191 | D:3      | Noticed a kobold brigand
  1193 | D:3      | Identified the +9 sling "Wuidotso" {flame, rN+ Str+2 Dex-4}
  1289 | D:3      | Reached skill level 5 in Conjurations
  1391 | D:3      | Found Kanac's Weapon Boutique.
  1777 | D:3      | Reached XP level 4. HP: 24/24 MP: 9/12
  1867 | D:3      | Found an iron altar of Okawaru.
  2086 | D:4      | Found a sparkling altar of Nemelex Xobeh.
  2091 | D:4      | Noticed Robin
  2504 | D:4      | Reached skill level 5 in Spellcasting
  2504 | D:4      | Reached skill level 1 in Earth Magic
  2593 | D:4      | Killed Robin
  2594 | D:4      | Reached XP level 5. HP: 28/28 MP: 9/14
  2772 | D:4      | Identified the +0 cloak of Dice, Bag, and Bottle {*Slow
                  | +Blink Str+4}
  2791 | D:4      | Found Efuigexu's Antique Weapon Emporium.
  3038 | D:4      | Reached skill level 6 in Conjurations
  3226 | D:4      | Reached XP level 6. HP: 32/32 MP: 5/16
  3353 | D:4      | Found a glowing silver altar of Zin.
  3353 | D:4      | Found a white marble altar of Elyvilon.
  3353 | D:4      | Found a glowing golden altar of the Shining One.
  3614 | D:4      | Found an ornate altar of the Wu Jian Council.
  3619 | D:4      | Noticed Ijyb
  3915 | D:3      | Killed from afar by Ijyb

Illustrated notes

Levels and vault maps discovered:
D:1:      ncdulo_smallfort, layout_rooms
D:2:      layout_rooms
D:3:      layout_loops_cross, overflow_temple_1_default, serial_shops,
          nicolae_shop_waterfront, gammafunk_ghost_nasty_kobolds
D:4:      layout_loops_ring, dreamdust_divine_triumvirate,
          mainiacjoe_overflow_catwalk, nicolae_overflow_crystal_walls,
          serial_shops, nicolae_shop_hallway_plus, serial_demonic,
          serial_demonic_c, serial_demonic_g, serial_demonic_f,
          serial_demonic_f, serial_demonic_c, serial_demonic_b,
          minmay_large_rounded_square, uniq_ijyb, uniq_robin

Skill      XL: |  1  2  3  4  5 |
---------------+----------------+-----
Spellcasting   | 4 5 |  5.8
Conjurations   | 5 6 |  6.1
Earth Magic    | 1 2 |  2.6
Dodging        | |  2.7
Stealth        | |  2.7

Action                   |  1- 3 |  4- 6 || total
-------------------------+-------+-------++-------
Melee: Unarmed           |    10 |       ||    10
       Punch             |     1 |       ||     1
Throw: Stone             |       |    11 ||    11
       Javelin           |       |     3 ||     3
 Cast: Magic Dart        |    76 |   129 ||   205
  Use: Scroll            |     3 |       ||     3
Armor: Robe              |     1 |       ||     1
       Leather armour    |       |    33 ||    33
Dodge: Dodged            |    17 |    71 ||    88
